 Dungeon Crawl Stone Soup version 0.20-a0-1086-g4bd2f5b (webtiles) character file.

5737 HAL9000 the Cleaver (level 10, 0/61 HPs)
             Began as a Gargoyle Berserker on May 1, 2017.
             Was an Elder of Trog.
             Slain by a two-headed ogre
             ... wielding a +0 giant club
              (5 damage)
             ... on level 9 of the Dungeon.
             The game lasted 00:22:06 (8608 turns).

HAL9000 the Cleaver (Gargoyle Berserker)            Turns: 8608, Time: 00:22:07

Health: 0/61       AC: 25    Str: 24    XL:     10   Next: 77%
Magic:  10/10      EV:  7    Int:  8    God:    Trog [****..]
Gold:   416        SH:  0    Dex:  9    Spells: 9/9 levels left

rFire    + . .     SeeInvis .   Q - +0 war axe
rCold    + . .     Gourm    .   (no shield)
rNeg     + . .     Faith    .   w - +0 plate armour
rPois    ∞         Spirit   .   E - +0 helmet
rElec    +         Reflect  .   O - scarf {rC+ rF+}
rCorr    .         Harm     .   (no gloves)
MR       +....                  (no boots)
Stlth    ..........             (no amulet)
Regen    0.2/turn               I - +4 ring of protection
MPRegen  0.2/turn               p - ring of protection from magic

@: no status effects
A: negative energy resistance 1, electricity resistance, unbreathing,
petrification resistance, rot immunity, AC +7
a: Berserk, Trog's Hand, Brothers in Arms, Burn Spellbooks, Renounce Religion


You were on level 9 of the Dungeon.
You worshipped Trog.
Trog was greatly pleased with you.
You were not hungry.

You visited 1 branch of the dungeon, and saw 9 of its levels.

You collected 416 gold pieces.

Inventory:

Hand Weapons
 Q - a +0 war axe (weapon)
Missiles
 y - 16 tomahawks (quivered)
 Y - 3 javelins of penetration {god gift}
Armour
 r - a +0 pair of gloves
 w - a +0 plate armour (worn)
 E - a +0 helmet (worn)
 O - a scarf of resistance (worn)
Jewellery
 d - an uncursed ring of protection from fire
 p - a ring of protection from magic (right hand)
 I - a +4 ring of protection (left hand)
Wands
 x - a wand of digging (12/24)
 A - a wand of lightning (0/15)
 B - a wand of random effects (8/48)
 K - a wand of flame (32/48)
 L - a wand of random effects (10/48)
 M - a wand of flame (18/48)
 P - a wand of lightning (5/15)
 S - a wand of confusion (21/48)
 V - a wand of polymorph (8/24)
Scrolls
 e - 3 scrolls of identify
 g - 3 scrolls of remove curse
 h - a scroll of fog {unknown}
 l - 2 scrolls of amnesia {unknown}
 n - 3 scrolls of enchant armour {unknown}
 q - 2 scrolls of immolation {unknown}
 u - 2 scrolls of blinking {unknown}
 z - 3 scrolls of recharging {unknown}
 F - a scroll of random uselessness {unknown}
 J - a scroll of enchant weapon {unknown}
 T - 2 scrolls of teleportation {unknown}
 W - a scroll of brand weapon {unknown}
Potions
 j - 4 potions of curing
 s - a potion of resistance
 v - 2 potions of heal wounds
 C - a potion of might {unknown}
 D - a potion of haste
 H - a potion of magic
 R - 2 potions of flight
 X - a potion of ambrosia {unknown}
Books
 G - the Catalogue of Beguiling and Clay
   (You found it on level 5 of the Dungeon)

   Spells                             Type                      Level
   a - Slow                           Hexes                        2
   b - Iron Shot                      Conjuration/Earth            6
   c - Invisibility                   Hexes                        6
   d - Statue Form                    Transmutation/Earth          6
   Trog disapproves of the use of such an item.
 N - a Grand Grimoire

   Spells                             Type                      Level
   a - Monstrous Menagerie            Summoning                    7
   b - Summon Greater Demon           Summoning                    7
   c - Malign Gateway                 Summoning/Translocation      7
   d - Summon Horrible Things         Summoning                    8
   Trog disapproves of the use of such an item.
 U - a book of Changes

   Spells                             Type                      Level
   a - Beastly Appendage              Transmutation                1
   b - Sticks to Snakes               Transmutation                2
   c - Spider Form                    Transmutation/Poison         3
   d - Ice Form                       Ice/Transmutation            4
   e - Blade Hands                    Transmutation                5
   Trog disapproves of the use of such an item.
 Z - a book of Misfortune

   Spells                             Type                      Level
   a - Confusing Touch                Hexes                        1
   b - Confuse                        Hexes                        3
   c - Gell's Gravitas                Translocation                3
   d - Petrify                        Transmutation/Earth          4
   e - Metabolic Englaciation         Hexes/Ice                    5
   f - Yara's Violent Unravelling     Hexes/Transmutation          5
   Trog disapproves of the use of such an item.
Comestibles
 c - 5 bread rations
 t - a royal jelly


   Skills:
 + Level 6.5 Fighting
 * Level 12.6 Axes
 + Level 6.5 Armour
 - Level 1.5 Dodging


You had 9 spell levels left.
You didn't know any spells.

Dungeon Overview and Level Annotations

Branches:
Dungeon (9/15)             Temple (0/1) D:7
   Lair: D:8-11         Orc: D:9-12

Altars:
Ashenzari
Fedhas
Gozag
Hepliaklqana
Kikubaaqudgha
Qazlal
Ru
Sif Muna
Zin

Shops:
D:7 }

Annotations:
D:3 HAL9000's ghost, amateur GrFi


Innate Abilities, Weirdness & Mutations

You are resistant to torment.
Your stone body is resilient. (AC +7)
You are immune to poison.
You resist negative energy. (rN+)
You are resistant to electric shocks. (rElec)
You can survive without breathing.
You are immune to petrification.
You are immune to rotting.


Message History

The two-headed ogre hits you with a giant club.
The two-headed ogre barely misses you.
Your plate armour prevents you from hitting the two-headed ogre.
The two-headed ogre is moderately wounded.
You hit the two-headed ogre but do no damage.
The two-headed ogre is moderately wounded.
The two-headed ogre hits you with a giant club.
The two-headed ogre hits you with a giant club!
An ogre comes into view. It is wielding a giant spiked club.
You barely miss the two-headed ogre.
The two-headed ogre is moderately wounded.
The ogre shouts!
The two-headed ogre hits you with a giant club!!
* * * LOW HITPOINT WARNING * * *
The two-headed ogre hits you with a giant club!
* * * LOW HITPOINT WARNING * * *
The two-headed ogre hits you with a giant club.
* * * LOW HITPOINT WARNING * * *
The two-headed ogre hits you with a giant club.
You die...

#. ....#
#.#########....#
#..............#
#..............#
+###...(..........#
..................#
.....(............#
....(..O...O......#
....###'####@.....#
....#.....<#......# ..#
#......#......# ..
........#......#
#...?....#......#
#........#...)..# ..
#........#......#
....#........#......#
......##########......#


You could see a two-headed ogre and an ogre.

Vanquished Creatures
  A two-headed ogre (D:9)
  2 hippogriffs
  Sigmund (D:2)
  A wyvern (D:9)
  6 yaks (D:8)
  A hungry ghost (D:8)
  A water moccasin (D:8)
  An orc warrior (D:7)
  A sky beast (D:9)
  2 black bears (D:8)
  2 phantoms
  3 ice beasts (D:5)
  A necrophage (D:8)
  3 ogres
  Blork the orc (D:4)
  5 bullfrogs
  2 scorpions
  2 vampire bats (D:5)
  4 killer bees
  8 wights
  2 howler monkeys
  A crimson imp (D:9)
  6 hounds
  A jelly (D:6)
  2 orc wizards (D:7)
  3 bullfrog skeletons
  An iguana (D:8)
  12 worker ants
  Ijyb (D:4)
  A killer bee zombie (D:6)
  A hound zombie (D:6)
  A hound skeleton (D:7)
  A worker ant zombie (D:8)
  4 gnolls (D:7)
  13 adders
  3 shadow imps
  An ooze (D:1)
  An adder skeleton (D:5)
  2 worms
  3 dart slugs (D:1)
  5 leopard geckos
  19 orcs
  3 ball pythons
  3 bat skeletons (D:5)
  A bat zombie (D:5)
  5 giant cockroaches
  8 goblins
  4 hobgoblins
  10 jackals
  8 kobolds
  3 quokkas
  4 bats
  3 frilled lizards
  A jackal skeleton (D:7)
  A jackal zombie (D:7)
  A leopard gecko skeleton (D:4)
  A quokka skeleton (D:6)
  5 rats
193 creatures vanquished.

Notes
Turn   | Place    | Note
-------+----------+-------------------------------------------
     0 | D:1      | HAL9000 the Gargoyle Berserker began the quest for the Orb.
     0 | D:1      | Reached XP level 1. HP: 14/14 MP: 1/1
    70 | D:1      | Reached skill level 3 in Axes
   168 | D:1      | Reached XP level 2. HP: 19/19 MP: 2/2
   664 | D:1      | Reached XP level 3. HP: 23/23 MP: 3/3
   943 | D:1      | Reached ** piety under Trog
   950 | D:1      | Reached skill level 4 in Axes
  1203 | D:2      | Reached XP level 4. HP: 24/28 MP: 4/4
  1350 | D:2      | Noticed Sigmund
  1362 | D:2      | Killed Sigmund
  1362 | D:2      | Reached skill level 6 in Axes
  1362 | D:2      | Reached XP level 5. HP: 21/32 MP: 5/5
  1362 | D:2      | Reached XP level 6. HP: 24/37 MP: 6/6
  1859 | D:3      | Noticed HAL9000's ghost (amateur GrFi)
  1990 | D:2      | You fall through a shaft for 2 floors!
  2143 | D:4      | Noticed a phantom
  2171 | D:4      | Killed a phantom
  2251 | D:4      | Reached skill level 7 in Axes
  2251 | D:4      | Reached XP level 7. HP: 27/41 MP: 7/7
  2707 | D:4      | Noticed Blork the orc
  2715 | D:4      | Killed Blork the orc
  2717 | D:4      | Noticed Ijyb
  2726 | D:4      | Killed Ijyb
  3130 | D:4      | Reached skill level 8 in Axes
  3557 | D:5      | Entered Level 5 of the Dungeon
  3563 | D:5      | Found a sacrificial altar of Ru.
  3912 | D:5      | Reached XP level 8. HP: 35/46 MP: 8/8
  3984 | D:5      | Found a shattered altar of Ashenzari.
  4005 | D:5      | Reached *** piety under Trog
  4018 | D:5      | Found an ancient bone altar of Kikubaaqudgha.
  4107 | D:5      | Reached skill level 9 in Axes
  4296 | D:5      | Identified the Catalogue of Beguiling and Clay
  4463 | D:5      | Found a blossoming altar of Fedhas.
  4889 | D:6      | Found a stormy altar of Qazlal.
  4894 | D:6      | Reached skill level 10 in Axes
  4900 | D:6      | Found an opulent altar of Gozag.
  5278 | D:6      | Reached XP level 9. HP: 49/51 MP: 9/9
  6007 | D:7      | Found a staircase to the Ecumenical Temple.
  6030 | D:7      | Reached skill level 11 in Axes
  6172 | D:7      | Reached **** piety under Trog
  6559 | D:7      | Found Vyeffoq's Gadget Emporium.
  6697 | D:7      | Found a hazy altar of Hepliaklqana.
  6698 | D:7      | Found a deep blue altar of Sif Muna.
  6770 | D:8      | Received a gift from Trog
  7311 | D:8      | Found a glowing silver altar of Zin.
  7357 | D:8      | Reached skill level 5 in Fighting
  7357 | D:8      | Reached XP level 10. HP: 46/59 MP: 10/10
  7565 | D:8      | Reached skill level 12 in Axes
  7588 | D:8      | Reached skill level 5 in Armour
  8337 | D:9      | Noticed a two-headed ogre
  8350 | D:9      | Killed a two-headed ogre
  8594 | D:9      | Noticed a two-headed ogre
  8608 | D:9      | Slain by a two-headed ogre

Vault maps used:
D:1:      minmay_arrival_five_plusses, minmay_cut_off
D:2:      uniq_sigmund
D:3:      chequers_ecumenical_altar_grove, first_bread
D:4:      uniq_blork_the_orc, uniq_ijyb
D:5:      nicolae_ashenzari_panopticon, kennysheep_vampire_church,
          nicolae_ru_sacrificial_ziggurat, fedhas_altar_4
D:6:      grunt_temple_overflow_open, gup_sewer_entry_spiral,
          kennysheep_generic_room_12
D:7:      gammafunk_temple_overflow_statue, minmay_temple_entry_hall,
          serial_shops, shop
D:8:      nicolae_overflow_hidden_temple, minivault_5
D:9:      old_standard_altar, okawaru_metal_pillars_3, lair_entry_dummy,
          hangedman_ranch

Skill      XL: |  1  2  3  4  5  6  7  8  9 10 |
---------------+-------------------------------+-----
Axes           | 3 4 6 7 8 10 11 12 | 12.6
Fighting       | 5 6 |  6.5
Armour         | 4 6 |  6.5
Dodging        | |  1.5

Action                   |  1- 3 |  4- 6 |  7- 9 | 10-12 || total
-------------------------+-------+-------+-------+-------++-------
Melee: Hand axe          |   101 |    70 |       |       ||   171
       War axe           |       |    34 |   483 |   129 ||   646
Throw: Tomahawk          |       |       |       |     3 ||     3
Invok: Berserk           |       |     1 |     4 |     3 ||     8
       Trog's Hand       |       |     1 |     4 |       ||     5
Evoke: Wand              |       |       |     4 |       ||     4
  Use: Scroll            |       |     3 |     6 |       ||     9
  Eat: Chunk             |     1 |     4 |    23 |     7 ||    35
       Bread ration      |       |       |     3 |       ||     3
       Fruit             |       |       |     2 |       ||     2
       Meat ration       |       |       |     1 |       ||     1
Armor: Animal skin       |     2 |       |       |       ||     2
       Leather armour    |    49 |    41 |       |       ||    90
       Plate armour      |       |       |   523 |   108 ||   631
Dodge: Dodged            |    76 |    65 |   191 |    48 ||   380
